 Dungeon Crawl Stone Soup version 0.27.1-1-g398f81649c (webtiles) character file.

Game seed: 1582832988979780783

52 Autumnman the Slasher (level 3, -3/29 HPs)
             Began as a Demonspawn Berserker on Sept 12, 2021.
             Was a Believer of Trog.
             Slain by a gnoll (7 damage)
             ... on level 2 of the Dungeon.
             The game lasted 00:02:02 (942 turns).

Autumnman the Slasher (Demonspawn Berserker)         Turns: 942, Time: 00:02:03

Health: -3/29      AC:  5    Str: 18    XL:     3   Next: 60%
Magic:  3/3        EV: 11    Int:  8    God:    Trog [**....]
Gold:   98         SH:  0    Dex: 12    Spells: 2/2 levels left

rFire    . . .     SeeInvis .   a - +0 falchion
rCold    . . .     Faith    .   (no shield)
rNeg     . . .     Spirit   .   f - +0 ring mail
rPois    .         Reflect  .   (no helmet)
rElec    .         Harm     .   (no cloak)
rCorr    .         Rampage  .   (no gloves)
Will     .....                  (no boots)
Stlth    +.........             (no amulet)
HPRegen  0.09/turn              (no ring)
MPRegen  0.16/turn              (no ring)

@: on berserk cooldown, slowed, very slow
A: magic regeneration
a: Renounce Religion, Berserk, Trog's Hand


You were on level 2 of the Dungeon.
You worshipped Trog.
Trog was pleased with you.
You visited 1 branch of the dungeon, and saw 2 of its levels.

You collected 98 gold pieces.

Inventory:

Hand Weapons
 a - a +0 falchion (weapon)
Armour
 b - a +0 animal skin
 f - a +0 ring mail (worn)
Potions
 c - 2 potions of lignification {unknown}
 d - a potion of magic {unknown}
 e - 2 potions of curing {unknown}


   Skills:
 + Level 3.4 Fighting
 + Level 3.5 Long Blades
 + Level 2.0 Armour
 + Level 2.1 Dodging


You had 2 spell levels left.
You didn't know any spells.
Your spell library was empty.

Dungeon Overview and Level Annotations

Branches:
Dungeon (2/15)

Altars:


Innate Abilities, Weirdness & Mutations

You regenerate magic rapidly.


Message History

a +0 club; a gnoll corpse You slash the kobold!
You kill the kobold!
Trog accepts your kill. The gnoll hits you with a +0 club!
You slash the gnoll!
The gnoll is severely wounded.
You hit the gnoll.
You kill the gnoll!
Trog accepts your kill. The gnoll closely misses you.
You are no longer berserk.
You are exhausted.
You feel yourself slow down. The gnoll hits you with a +0 club.
Items here: ( )) ††.
You completely miss the gnoll.
The gnoll is heavily wounded.
The gnoll hits you with a +0 club.
You barely miss the gnoll.
The gnoll is heavily wounded.
The gnoll barely misses you. The gnoll completely misses you.
You hit the gnoll.
The gnoll is heavily wounded.
The gnoll hits you with a +0 club. The gnoll barely misses you.
You riposte.
You hit the gnoll.
The gnoll is severely wounded.
You completely miss the gnoll.
The gnoll is severely wounded.
The gnoll closely misses you.
You hit the gnoll.
The gnoll is almost dead.
The gnoll completely misses you.
You riposte.
You closely miss the gnoll.
The gnoll is almost dead.
The gnoll hits you with a +0 club.
You hit the gnoll but do no damage.
The gnoll is almost dead.
The gnoll hits you with a +0 club.
* * * LOW HITPOINT WARNING * * *
The gnoll hits you with a +0 club!
You die...

. ..## #.... .###
#.?..## ..#
#......## #.#
#...<..g####.####
#@).......####
#..#####.......##
##. ##.........##
#. #..).......<#
#. #...........#
#. #......>....#
#. ##.........##
#. ##...#...##
#########


You could see a gnoll.

Vanquished Creatures
  2 gnolls (D:2)
  4 bats (D:1)
  5 endoplasms
  A giant cockroach (D:1)
  2 hobgoblins (D:1)
  4 jackals (D:1)
  5 kobolds
  2 ball pythons (D:1)
  2 goblins (D:1)
  3 rats (D:1)
30 creatures vanquished.

Notes
Turn   | Place    | Note
-------+----------+-------------------------------------------
     0 | D:1      | Autumnman the Demonspawn Berserker began the quest for the
                  | Orb.
     0 | D:1      | Reached XP level 1. HP: 18/18 MP: 1/1
   350 | D:1      | Gained mutation: You regenerate magic rapidly. [demonic
                  | ancestry]
   350 | D:1      | Reached XP level 2. HP: 23/24 MP: 2/2
   499 | D:1      | Reached ** piety under Trog
   734 | D:1      | Reached XP level 3. HP: 28/29 MP: 3/3
   942 | D:2      | Slain by a gnoll

Illustrated notes

Levels and vault maps discovered:
D:1:      amcnicky_arrival_gap_in_the_tavern_cellar, layout_rooms,
          kennysheep_flooded_box, corexii_leaking_fountain
D:2:      layout_rooms, hellmonk_ecumenical_altar_zigzags

Skill      XL: |  1  2  3 |
---------------+----------+-----
Long Blades    | 3 |  3.5
Dodging        | 2 |  2.1
Armour         | 2 |  2.0
Fighting       | |  3.4

Action                   || total
-------------------------++-------
Melee: Falchion          ||    79
Invok: Berserk           ||     2
Armor: Animal skin       ||    21
       Ring mail         ||     6
Dodge: Dodged            ||    77
       Rpst.: Falchion   ||    20
